 Dungeon Crawl Stone Soup version 0.29.0-4-gdea44cf6ec (webtiles) character file.

Game seed: 2769729571551248487

13 qw the Chopper (level 2, -2/17 HPs)
             Began as a Tengu Warper on Aug 28, 2022.
             Slain by a gnoll
             ... wielding a +0 halberd
              (7 damage)
             ... on level 2 of the Dungeon.
             The game lasted 00:00:03 (994 turns).

qw the Chopper (Tengu Warper)                        Turns: 994, Time: 00:00:04

Health: -2/17      AC:  3    Str: 15    XL:     2   Next: 37%
Magic:  6/6        EV: 12    Int: 12    God:
Gold:   45         SH:  0    Dex: 12    Spells: 5/5 levels left

rFire   . . .      SeeInvis .   h - +0 hand axe (vamp)
rCold   . . .      Faith    .   (no shield)
rNeg    . . .      Spirit   .   b - +0 leather armour
rPois   .          Reflect  .   (helmet restricted)
rElec   .          Harm     .   (no cloak)
rCorr   .          Rampage  .   (no gloves)
Will    .....                   (boots unavailable)
Stlth   +.........              (no amulet)
HPRegen 0.05/turn               (no ring)
MPRegen 0.10/turn               (no ring)

@: no status effects
A: beak, talons 3, strong 1, sturdy frame 1
a: no special abilities


You were on level 2 of the Dungeon.
You visited 1 branch of the dungeon, and saw 2 of its levels.

You collected 45 gold pieces.


Innate Abilities, Weirdness & Mutations

You have a beak for a mouth.
You have claws for feet.
Your muscles are strong. (Str +4, Int/Dex -1)
Your movements are slightly less encumbered by armour. (ER -2)


   Skills:
 - Level 2.0 Fighting
 + Level 3.3 Axes
 - Level 1.0 Throwing
 - Level 1.1 Armour
 - Level 2.1 Dodging
 - Level 2.0 Spellcasting
 - Level 2.4 Translocations


You had 5 spell levels left.
You didn't know any spells.
Your spell library contained the following spells:

 Spells                   Type           Power      Damage    Failure   Level
 Blink                    Tloc           12%        N/A       16%         2
 Gell's Gravitas          Tloc           6%         N/A       32%         3
 Lesser Beckoning         Tloc           6%         N/A       32%         3
 Teleport Other           Tloc           6%         N/A       32%         3
 Manifold Assault         Tloc           6%         N/A       96%         5

Inventory:

Hand Weapons
 g - a +0 mace
 h - a +0 vampiric hand axe (weapon)
Armour
 b - a +0 leather armour (worn)
Potions
 e - a potion of berserk rage {unknown}
 i - a potion of curing
 j - a potion of mutation

Dungeon Overview and Level Annotations

Branches:
Dungeon (2/15)

Altars:


Message History

The bat hits you but does no damage.
You hit the bat.
You kill the bat!
A gnoll and a ball python come into view.
Found a scroll of identify.
The ball python hisses angrily.
You hear a shout!
The gnoll shouts!
You hear a shout!
984 ||| Stepping ~*~*~tactically~*~*~ (hiding).
A hobgoblin comes into view.
985 ||| Stepping ~*~*~tactically~*~*~ (hiding).
A gnoll comes into view. It is wielding a +0 halberd.
The gnoll shouts!
A frilled lizard comes into view.
The gnoll moves out of view.
You closely miss the ball python.
The frilled lizard hisses angrily.
You claw the ball python.
You kill the ball python!
987 ||| Stepping ~*~*~tactically~*~*~ (hiding).
You start waiting.
A hobgoblin is nearby!
You hit the hobgoblin.
The hobgoblin is heavily wounded.
The hobgoblin misses you.
The gnoll hits you from afar with a +0 halberd!
You hit the hobgoblin. Your peck misses the hobgoblin.
The hobgoblin is almost dead.
The hobgoblin hits you but does no damage.
The gnoll closely misses you.
You hit the hobgoblin but do no damage.
The hobgoblin is almost dead.
The hobgoblin closely misses you. The gnoll barely misses you.
The hobgoblin hits you. The gnoll closely misses you.
You closely miss the hobgoblin. Your kick misses the hobgoblin.
The hobgoblin is almost dead.
The hobgoblin misses you. The gnoll misses you.
You closely miss the hobgoblin. You claw the hobgoblin.
You kill the hobgoblin!
The gnoll hits you from afar with a +0 halberd!
You die...

..# ### ...# ..
####.. .#.. ##..
..#.##... #...
......##. .....
.....g.. .
......###...###g..
....##%.....g.gg..
#...<...%###.
...........@#
#..####.#...# ##
...#...# #########


You could see a gnoll.

Vanquished Creatures
  2 endoplasms (D:1)
  3 hobgoblins
  2 kobolds (D:1)
  3 ball pythons
  2 bats
  A rat (D:1)
13 creatures vanquished.

Notes
Turn   | Place    | Note
-------+----------+-------------------------------------------
     0 | D:1      | qw the Tengu Warper began the quest for the Orb.
     0 | D:1      | Reached XP level 1. HP: 12/12 MP: 4/4
     0 | D:1      | 0 ||| qw: Version: 0.1-a-89-g26bdef1
     0 | D:1      | 0 ||| qw: Game counter: 522
     0 | D:1      | 0 ||| qw: Always use a shield: true
     0 | D:1      | 0 ||| qw: God list: Okawaru
     0 | D:1      | 0 ||| qw: Allow faded altars: false
     0 | D:1      | 0 ||| qw: Do Orc after D:15 true
     0 | D:1      | 0 ||| qw: Do second Lair branch before Depths: true
     0 | D:1      | 0 ||| qw: Lair rune preference: random
     0 | D:1      | 0 ||| qw: Plans: Normal
     0 | D:1      | 0 ||| PLANNING D:1-11
   124 | D:1      | 124 ||| Stepping ~*~*~tactically~*~*~ (stealth).
   129 | D:1      | 129 ||| Stepping ~*~*~tactically~*~*~ (stealth).
   130 | D:1      | 130 ||| Stepping ~*~*~tactically~*~*~ (stealth).
   244 | D:1      | Reached XP level 2. HP: 17/17 MP: 6/6
   251 | D:1      | Reached skill level 3 in Axes
   939 | D:1      | 939 ||| DROPPING ring of wizardry.
   940 | D:1      | 940 ||| READING scroll labelled TUHIEW KAWNABB.
   941 | D:1      | 941 ||| READING scroll labelled NYZ AV SITITIL.
   944 | D:1      | 944 ||| READING scroll labelled POUNAD NOXZUICK.
   945 | D:1      | 945 ||| DRINKING 2 fuming silvery potions.
   946 | D:1      | 946 ||| DRINKING 2 silvery potions.
   946 | D:1      | Gained mutation: Your movements are slightly less
                  | encumbered by armour. (ER -2) [potion of mutation]
   946 | D:1      | Gained mutation: Your muscles are strong. (Str +4, Int/Dex
                  | -1) [potion of mutation]
   947 | D:1      | 947 ||| DROPPING scroll of blinking.
   984 | D:2      | 984 ||| Stepping ~*~*~tactically~*~*~ (hiding).
   985 | D:2      | 985 ||| Stepping ~*~*~tactically~*~*~ (hiding).
   987 | D:2      | 987 ||| Stepping ~*~*~tactically~*~*~ (hiding).
   994 | D:2      | Slain by a gnoll

Levels and vault maps discovered:
D:1:      minmay_arrival_jagged, layout_loops_cross, nicolae_hexahallways
D:2:      layout_rooms, basic_altar, ebering_ecumenical_altar_abandoned,
          uniq_crazy_yiuf_cottage

Skill      XL: |  1  2 |
---------------+-------+-----
Axes           | 3 |  3.3
Fighting       | |  2.0
Throwing       | |  1.0
Armour         | |  1.1
Dodging        | |  2.1
Spellcasting   | |  2.0
Translocations | |  2.4

Action                   || total
-------------------------++-------
Melee: Hand axe          ||    33
       Kick              ||     6
Throw: Boomerang         ||     7
  Use: Scroll            ||     3
       Potion            ||     2
Armor: Leather armour    ||    10
Dodge: Dodged            ||    19

Table legend:
 A = Non-vault XP
 B = Vault XP
 C = Vault XP percentage of total XP
 D = Non-vault monster count
 E = Vault monster count
 F = Vault count percentage of total count
                 A         B        C        D         E       F
            +---------+---------+-------+---------+---------+-------
      Total |      21 |       0 |   0.0 |      13 |       0 |   0.0
            +---------+---------+-------+---------+---------+-------
        D:1 |      16 |       0 |   0.0 |      10 |       0 |   0.0
        D:2 |       5 |       0 |   0.0 |       3 |       0 |   0.0
            +---------+---------+-------+---------+---------+-------
